 Dungeon Crawl Stone Soup version 0.30-a0-726-gd89dcf765f (webtiles) character file.

Game seed: 17884222027463109668

683 CannotBeFrozen the Slasher (level 7, -6/59 HPs)
             Began as a Demigod Warper on Jan 29, 2023.
             Killed from afar by a steam dragon (17 damage)
             ... with a ball of steam
             ... on level 6 of the Dungeon.
             The game lasted 00:20:30 (5634 turns).

CannotBeFrozen the Slasher (Demigod Warper)         Turns: 5634, Time: 00:20:30

Health: -6/59      AC:  7    Str: 12    XL:     7   Next: 12%
Magic:  12/12      EV: 11    Int: 15    God:
Gold:   219        SH:  0    Dex: 21    Spells: 7/9 levels left

rFire   . . .      SeeInvis +    a - +0 long sword
rCold   . . .      Faith    .    (no shield)
rNeg    . . .      Spirit   .    k - +0 ring mail
rPois   .          Reflect  .    (no helmet)
rElec   .          Harm     .    v - +0 cloak
rCorr   .          Rampage  .    (no gloves)
Will    .....                    h - +0 pair of boots
Stlth   +                        j - amulet of magic regeneration
HPRegen 0.29/turn                r - ring of see invisible
MPRegen 0.53/turn                (no ring)

@: hasted, very quick
A: high MP 1, forlorn, divine attributes
a: no special abilities


You were on level 6 of the Dungeon.
You visited 1 branch of the dungeon, and saw 6 of its levels.

You collected 263 gold pieces.
You spent 44 gold pieces at shops.

Inventory:

Hand Weapons
 a - a +0 long sword (weapon)
 e - the +3 dagger "Widowermaker" {flame, rElec rF- Str-4 Int+6}
   (You took it off an orc on level 3 of the Dungeon)

   Str:       It affects your strength (-4).
   Int:       It affects your intelligence (+6).
   rF:        It makes you vulnerable to fire.
   rElec:     It insulates you from electricity.
Missiles
 b - 4 javelins
 d - 7 boomerangs of dispersal {=f=F}
 g - 5 stones (quivered)
Armour
 h - a +0 pair of boots (worn)
 k - a +0 ring mail (worn)
 v - a +0 cloak (worn)
Jewellery
 j - an amulet of magic regeneration (around neck)
 r - a ring of see invisible (left hand)
Scrolls
 c - a scroll of blinking
 f - a scroll of enchant armour {unknown}
 i - 4 scrolls of teleportation {@r2}
 n - a scroll of enchant weapon {unknown}
 p - a scroll of silence {unknown}
 t - 2 scrolls of immolation {unknown}
 w - a scroll of fog
 y - a scroll of butterflies {unknown}
 A - a scroll of vulnerability {unknown}
Potions
 l - 2 potions of curing {@q1}
 m - a potion of ambrosia
 q - 2 potions of attraction {unknown}
 s - a potion of brilliance {unknown}
 u - 2 potions of heal wounds {unknown}
 x - 2 potions of flight
 z - a potion of lignification


   Skills:
 + Level 4.0 Fighting
 * Level 6.2 Long Blades
 - Level 2.0 Throwing
 - Level 0.8 Armour
 - Level 2.0 Dodging
 - Level 1.7 Spellcasting
 - Level 2.6 Translocations


You had 7 spell levels left.
You knew the following spells:

 Your Spells              Type           Power      Damage    Failure   Level
z - Blink                 Tloc           18%        N/A       26%         2

Your spell library contained the following spells:

 Spells                   Type           Power      Damage    Failure   Level
 Lesser Beckoning         Tloc           18%        N/A       26%         2
 Teleport Other           Tloc           9%         N/A       45%         3
 Ensorcelled Hibernation  Hex/Ice        2%         N/A       61%         2
 Passwall                 Tmut/Erth      0%         N/A       61%         2
 Vhi's Electric Charge    Tloc/Air       10%        N/A       65%         3
 Swiftness                Air            1%         N/A       83%         3
 Manifold Assault         Tloc           9%         N/A       86%         4


Dungeon Overview and Level Annotations

Branches:
Dungeon (6/15)             Temple (0/1) D:5

Shops:
D:4 !(=!   D:6 *(*

Annotations:
D:3 1 runed translucent door, Crazy Yiuf
D:5 exclusions: ogre and scorpion


Innate Abilities, Weirdness & Mutations

You have an increased reservoir of magic. (+10% MP)
You shall have no god before yourself.
Your divine heritage dramatically boosts your attributes as you level up.


Message History

Okay, then.
You feel yourself speed up. The steam dragon breathes steam at you.
The ball of steam hits you!!
* * * LOW HITPOINT WARNING * * *
HP: 27/59 (-17) =====------- !!
Things that are here:
a +0 whip; a +0 leather armour Throw: 5 javelins
Press: ? - help, Shift-Dir - straight line, f - steam dragon
Aim: a steam dragon (steam, catching its breath, 65% to hit)
You throw a javelin.
The javelin pierces through the steam dragon!
The steam dragon is moderately wounded.
You slash the steam dragon!
The steam dragon is severely wounded.
You closely miss the steam dragon.
The steam dragon is severely wounded.
The steam dragon barely misses you. x2
You hit the steam dragon.
The steam dragon is severely wounded.
The steam dragon breathes steam at you. The ball of steam hits you.
* * * LOW HITPOINT WARNING * * *
HP: 22/59 (-6) ====-------- !
You hit the steam dragon.
The steam dragon is almost dead.
You are engulfed in a cloud of scalding steam.
* * * LOW HITPOINT WARNING * * *
HP: 18/59 (-4) ===--------- You closely miss the steam dragon.
The steam dragon is almost dead.
You are engulfed in a cloud of scalding steam.
The steam dragon bites you!
* * * LOW HITPOINT WARNING * * *
The steam dragon barely misses you.
HP: 11/59 (-7) ==---------- !
The steam dragon breathes steam at you. The ball of steam hits you!
You die...

....## #...)...# #.## <....##
#.....).## #.# †......##........#
#.# ###..#.........#.# #.#
#....#...#..#(######.#
..#..#.#............######
...?..∩....##D####)......### #
####.....#.#...##§##...#####...####
........#...#.###@##...#######.....
.................§.......)>..######
#s..#...........####...#####.......
..#..........∩..# #...# ####....
##).............# ...#.# ##..###
.................###.# #..## #
..#...(.......... ..######.## #
#.#.....♣...................## #
.##..♣.∩.♣...#..............#


You could see a steam dragon (catching breath).

Vanquished Creatures
  A sky beast (D:6)
  A phantom (D:6)
  2 scorpions (D:5)
  3 hounds
  3 jellies
  2 iguanas (D:5)
  An orc wizard (D:6)
  6 adders
  A worm (D:3)
  A dart slug (D:1)
  8 orcs
  4 bats
  6 endoplasms
  4 giant cockroaches
  4 goblins
  10 hobgoblins
  7 kobolds
  3 quokkas
  7 ball pythons
  3 frilled lizards
  3 rats
80 creatures vanquished.

Vanquished Creatures (others)
  A plant (D:4)
1 creature vanquished.

Grand Total: 81 creatures vanquished

Notes
Turn   | Place    | Note
-------+----------+-------------------------------------------
     0 | D:1      | CannotBeFrozen the Demigod Warper began the quest for the
                  | Orb.
     0 | D:1      | Reached XP level 1. HP: 17/17 MP: 5/5
    43 | D:1      | Reached skill level 2 in Long Blades
   285 | D:1      | Reached XP level 2. HP: 23/24 MP: 7/7
   890 | D:1      | Reached skill level 3 in Long Blades
  1174 | D:2      | Reached XP level 3. HP: 24/29 MP: 8/8
  1201 | D:2      | Learned a level 2 spell: Blink
  1954 | D:3      | Identified the +3 dagger "Widowermaker" {flame, rElec rF-
                  | Str-4 Int+6}
  2308 | D:3      | You fall into a shaft and drop 2 floors!
  2308 | D:5      | Entered Level 5 of the Dungeon
  2356 | D:5      | Noticed a scorpion
  2420 | D:5      | Reached skill level 1 in Throwing
  2451 | D:4      | Noticed an ogre
  2713 | D:3      | Reached XP level 4. HP: 34/36 MP: 9/9
  3111 | D:3      | Found a runed translucent door.
  3112 | D:3      | Noticed Crazy Yiuf
  3430 | D:4      | Reached skill level 4 in Long Blades
  3768 | D:4      | Reached XP level 5. HP: 38/42 MP: 10/10
  3937 | D:4      | Found Xyeb Cee's Weapon Emporium.
  3938 | D:4      | Found Sidghex's Distillery.
  3938 | D:4      | Found Luan's Distillery.
  3938 | D:4      | Found Many's Jewellery Emporium.
  3955 | D:4      | Bought a potion of lignification for 30 gold pieces
  3961 | D:4      | Bought a potion of degeneration for 14 gold pieces
  4169 | D:5      | Found a staircase to the Ecumenical Temple.
  4738 | D:6      | Noticed a sky beast
  4779 | D:5      | Reached skill level 5 in Long Blades
  4779 | D:5      | Reached XP level 6. HP: 30/51 MP: 11/11
  4939 | D:6      | Noticed a steam dragon
  5186 | D:6      | Found Fejyd Ratwimp's General Store.
  5297 | D:6      | Reached skill level 6 in Long Blades
  5297 | D:6      | Reached XP level 7. HP: 50/58 MP: 12/12
  5609 | D:6      | Found Kytsote's General Store.
  5612 | D:6      | Found Atuilun's Weapon Shop.
  5634 | D:6      | Killed from afar by a steam dragon

Illustrated notes

Levels and vault maps discovered:
D:1:      co_arrival_hexagon_in_a_hexagon, layout_loops_ring
D:2:      layout_basic, basic_altar
D:3:      minmay_spotlight, layout_loops_ring, gammafunk_temple_overflow_claw,
          uniq_crazy_yiuf_cottage
D:4:      layout_rooms, pdpol_wu_jian_five_deadly_venoms, lemuel_crystal_altar,
          serial_bayou_pond_d, eino_small_chamber_without_monster,
          minmay_shop_grid_forest
D:5:      layout_gridville, temple_pool_b
D:6:      layout_rooms, serial_shops, nicolae_lakefront_shop, shop,
          nicolae_shop_advertising_works [nicolae_subvault_shop_adworks],
          nicolae_shop_trees, shop

Skill      XL: |  1  2  3  4  5  6  7 |
---------------+----------------------+-----
Long Blades    | 2 3 4 5 6 |  6.2
Fighting       | 2 3 4 |  4.0
Throwing       | 1 2 |  2.0
Dodging        | 2 |  2.0
Armour         | |  0.8
Spellcasting   | |  1.7
Translocations | |  2.6

Action                     |  1- 3 |  4- 6 |  7- 9 || total
---------------------------+-------+-------+-------++-------
  Melee: Falchion          |   160 |    43 |       ||   203
         Punch             |     1 |       |     2 ||     3
         Long sword        |       |    79 |    24 ||   103
  Throw: Stone             |     7 |    25 |     5 ||    37
         Dart              |     3 |     4 |       ||     7
         Javelin           |     4 |     9 |     3 ||    16
    Use: Scroll            |     1 |     8 |       ||     9
         Potion            |       |       |     1 ||     1
 Armour: Leather armour    |    23 |       |       ||    23
         Ring mail         |    33 |    51 |     7 ||    91
  Dodge: Dodged            |   118 |    85 |    16 ||   219

Table legend: (Time is in decaauts)
 A = Elapsed time spent in this place.
 B = Non-inter-level travel time spent in this place.
 C = Inter-level travel time spent in this place.
 D = Time resting spent in this place.
 E = Time spent auto-exploring this place.
 F = Levels seen in this place.
 G = Mean time per level.
                   A        B        C        D        E       F      G
               +--------+--------+--------+--------+--------+-----+--------+
         Total |   5687 |   5403 |    284 |   1361 |   2178 |   6 |  947.8 |
       Dungeon |   5687 |   5403 |    284 |   1361 |   2178 |   6 |  947.8 |
               +--------+--------+--------+--------+--------+-----+--------+

Top non-repeatable levels by time:
     D:3: 1172 daAuts
     D:5: 1004 daAuts
     D:4: 980 daAuts
     D:1: 971 daAuts
     D:2: 869 daAuts
     D:6: 689 daAuts
